 Dungeon Sprint DCSS version 0.21-a0-338-g36cf2fc (webtiles) character file.

124 Kidiri the Thaumaturge (level 4, -10/24 HPs)
             Began as a Deep Elf Fire Elementalist on Oct 3, 2017.
             Was a Follower of Vehumet.
             Killed from afar by a deep elf mage (34 damage)
             ... with a bolt of negative energy
             ... in the Dungeon (Sprint VII: "The Pits").
             The game lasted 00:01:53 (407 turns).

Kidiri the Thaumaturge (Deep Elf Fire Elementalist)  Turns: 407, Time: 00:01:54

Health: -10/24     AC:  2    Str:  5    XL:     4   Next: 81%
Magic:  8/17       EV: 12    Int: 21    God:    Vehumet [*.....]
Gold:   0          SH:  0    Dex: 15    Spells: 8/21 levels left

rFire    . . .     SeeInvis .   k - +2 dagger
rCold    . . .     Gourm    .   (no shield)
rNeg     . . .     Faith    .   a - +0 robe
rPois    .         Spirit   .   (no helmet)
rElec    .         Reflect  .   (no cloak)
rCorr    .         Harm     .   (no gloves)
MR       .....     NoTele   +   (no boots)
Stlth    ++........             (no amulet)
HPRegen  0.08/turn              (no ring)
MPRegen  0.15/turn              (no ring)

@: drained
A: no striking features
a: Renounce Religion


You were in the Dungeon.
You worshipped Vehumet.
Vehumet was aware of your devotion.
You were not hungry.

You visited 1 branch

Inventory:

Hand Weapons
 k - a +2 dagger (weapon)
Armour
 a - a +0 robe (worn)
Scrolls
 i - a scroll of blinking
 m - 3 scrolls of remove curse
 n - 5 scrolls of amnesia
 o - a scroll of summoning
Potions
 e - a potion of heal wounds
 f - a potion of haste
 g - 4 potions of magic
 h - 3 potions of berserk rage
 l - 2 potions of invisibility
Books
 b - a book of Flames

   Spells                             Type                      Level
   a - Flame Tongue                   Conjuration/Fire             1
   b - Throw Flame                    Conjuration/Fire             2
   c - Conjure Flame                  Conjuration/Fire             3
   d - Inner Flame                    Hexes/Fire                   3
   e - Sticky Flame                   Conjuration/Fire             4
   f - Fireball                       Conjuration/Fire             5
Comestibles
 c - 8 bread rations
 d - 3 chunks of flesh
 p - 40 fruits
 q - 7 meat rations


   Skills:
 - Level 2.4(1.8) Dodging
 - Level 2.4(1.8) Stealth
 * Level 9.3(8.6) Spellcasting
 + Level 5.2(4.5) Conjurations
 + Level 6.2(5.5) Fire Magic


You had 8 spell levels left.
You knew the following spells:

 Your Spells              Type           Power        Failure   Level  Hunger
a - Flame Tongue          Conj/Fire      ####.        1%          1    None
b - Throw Flame           Conj/Fire      ####..       1%          2    None
c - Conjure Flame         Conj/Fire      ####....     2%          3    None
d - Inner Flame           Hex/Fire       ###.....     7%          3    None
e - Sticky Flame          Conj/Fire      ####....     10%         4    ###....


Dungeon Overview and Level Annotations

Branches:
Dungeon (1/1)

Altars:
Ashenzari
Cheibriados
Dithmenos
Elyvilon
Fedhas
Gozag
Hepliaklqana
Kikubaaqudgha
Makhleb
Nemelex Xobeh
Okawaru
Qazlal
Ru
Sif Muna
Trog
Uskayaw
Vehumet
Wu Jian
Xom
Yredelemnul
Zin
The Shining One
Beogh
Jiyva
Lugonu


Message History

Aiming: Conjure Flame
Press: ? - help, Dir - move target cursor The fire ignites!
Unknown command.
Casting: Conjure Flame
Confirm with . or Enter, or press ? or * to list all spells.
Aiming: Inner Flame
Press: ? - help, Shift-Dir - straight line, f - goblin
Aim: a goblin, wielding a club (chance to defeat MR: 89%)
The goblin barely resists.
Casting: Inner Flame
Confirm with . or Enter, or press ? or * to list all spells.
Aiming: Inner Flame
Press: ? - help, Shift-Dir - straight line, f/p - goblin
Aim: a goblin, wielding a club (chance to defeat MR: 89%)
The goblin is filled with an inner flame.
The deep elf mage gestures at you while chanting.
The bolt of negative energy hits you!
You feel drained.
Ouch! That really hurt!
You die...

#_________.#
#_______...##########
##########+##........
#.?(.+)))+.##......#.
##########.##........
#...........'........
#+#####'#####......#.
#..#..#..##........
#.@'÷.+..#####+####
##§####+###.......#


.eg #.......# #.... #.......# #####+ #...<...# #.......# #.......# #.......#
######### You could see a deep elf mage and a goblin (inner flame).

Vanquished Creatures
  A floating eye (D)
  A worker ant (D)
  A bat skeleton (D)
  A giant cockroach (D)
  A quokka (D)
  A rat (D)
6 creatures vanquished.

Vanquished Creatures (others)
  A deep elf sorcerer (D)
  A floating eye (D)
  A floating eye (shapeshifter) (D)
3 creatures vanquished.

Grand Total: 9 creatures vanquished

Notes
Turn   | Place    | Note
-------+----------+-------------------------------------------
     0 | D        | Kidiri the Deep Elf Fire Elementalist began the quest for the Orb.
     0 | D        | Reached XP level 1. HP: 10/10 MP: 6/6
     2 | D        | Killed a floating eye
    19 | D        | Killed a deep elf sorcerer
    52 | D        | Found a bloodstained altar of Trog.
    52 | D        | Found a deep blue altar of Sif Muna.
    52 | D        | Found a viscous altar of Jiyva.
    52 | D        | Found a hazy altar of Hepliaklqana.
    52 | D        | Found an opulent altar of Gozag.
    53 | D        | Found a glowing golden altar of the Shining One.
    53 | D        | Found a glowing silver altar of Zin.
    53 | D        | Found a basalt altar of Yredelemnul.
    53 | D        | Found a shimmering altar of Xom.
    53 | D        | Found an ornate altar of the Wu Jian Council.
    53 | D        | Found a sacrificial altar of Ru.
    53 | D        | Found a stormy altar of Qazlal.
    53 | D        | Found an iron altar of Okawaru.
    53 | D        | Found a sparkling altar of Nemelex Xobeh.
    53 | D        | Found a burning altar of Makhleb.
    53 | D        | Found a blossoming altar of Fedhas.
    53 | D        | Found a white marble altar of Elyvilon.
    53 | D        | Found a shadowy altar of Dithmenos.
    53 | D        | Found a snail-covered altar of Cheibriados.
    55 | D        | Found a radiant altar of Vehumet.
    55 | D        | Found a corrupted altar of Lugonu.
    55 | D        | Found a roughly hewn altar of Beogh.
    56 | D        | Found a hide-covered altar of Uskayaw.
    56 | D        | Found an ancient bone altar of Kikubaaqudgha.
    56 | D        | Found a shattered altar of Ashenzari.
    58 | D        | Killed a floating eye
    63 | D        | Became a worshipper of Vehumet
   179 | D        | Noticed a floating eye
   182 | D        | Killed a floating eye
   182 | D        | Reached skill level 8 in Spellcasting
   182 | D        | Reached skill level 5 in Fire Magic
   182 | D        | Reached XP level 2. HP: 15/15 MP: 4/13
   182 | D        | Reached XP level 3. HP: 19/19 MP: 4/15
   182 | D        | Reached XP level 4. HP: 24/24 MP: 4/16
   186 | D        | Learned a level 2 spell: Throw Flame
   190 | D        | Learned a level 3 spell: Conjure Flame
   194 | D        | Learned a level 3 spell: Inner Flame
   199 | D        | Learned a level 4 spell: Sticky Flame
   268 | D        | Reached * piety under Vehumet
   268 | D        | Offered knowledge of Freeze by Vehumet.
   268 | D        | Reached skill level 9 in Spellcasting
   268 | D        | Reached skill level 5 in Conjurations
   404 | D        | Noticed a deep elf mage
   407 | D        | Killed from afar by a deep elf mage

Vault maps used:
D:        pitsprint

Skill      XL: |  1  2  3  4 |
---------------+-------------+-----
Spellcasting   | 8 9 |  9.3
Conjurations   | 4 5 |  5.2
Fire Magic     | 5 6 |  6.2
Dodging        | |  2.4
Stealth        | |  2.4

Action                   |  1- 3 |  4- 6 || total
-------------------------+-------+-------++-------
 Cast: Flame Tongue      |     5 |    12 ||    17
       Inner Flame       |       |     2 ||     2
       Conjure Flame     |       |     1 ||     1
  Use: Potion            |       |     1 ||     1
Armor: Robe              |       |     1 ||     1
Dodge: Dodged            |     1 |     4 ||     5

Table legend:
 A = Spawn XP
 B = Non-spawn XP
 C = Spawn XP percentage of total XP
 D = Spawn monster count
 E = Non-spawn monster count
 F = Spawn count percentage of total count
 G = Total turns spent on level
                    A         B        C        D         E        F      G
               +---------+---------+-------+---------+---------+-------+---------
         Total |       0 |     178 |   0.0 |       0 |       6 |   0.0 |   407
               +---------+---------+-------+---------+---------+-------+---------
             D |       0 |     178 |   0.0 |       0 |       6 |   0.0 |   407
               +---------+---------+-------+---------+---------+-------+---------
